 Dungeon Crawl Stone Soup version 0.26.0-45-g9c1d065592 (webtiles) character file.

Game seed: 6448010825182231283

21 kaeus the Sneak (level 2, -1/15 HPs)
             Began as a Vampire Enchanter on Jan 29, 2021.
             Slain by an orc (4 damage)
             ... on level 2 of the Dungeon.
             The game lasted 00:01:11 (940 turns).

kaeus the Sneak (Vampire Enchanter)                  Turns: 940, Time: 00:01:11

Health: -1/15      AC:  3    Str:  7    XL:     2   Next: 65%
Magic:  3/5        EV: 13    Int: 17    God:
Gold:   20         SH:  0    Dex: 14    Spells: 2/5 levels left

rFire    . . .     SeeInvis +   a - +1 dagger
rCold    + + .     Faith    .   (no shield)
rNeg     + + +     Spirit   .   b - +0 robe
rPois    ∞         Reflect  .   (no helmet)
rElec    .         Harm     .   (no cloak)
rCorr    .         Rampage  .   h - +0 pair of gloves (curse)
Will     .....                  (no boots)
Stlth    +++++.....             (no amulet)
HPRegen  0.00/turn              (no ring)
MPRegen  0.09/turn              (no ring)

@: bloodless
A: fangs 3, see invisible, unbreathing
a: Revivify


You were on level 2 of the Dungeon.
You visited 1 branch of the dungeon, and saw 2 of its levels.

You collected 20 gold pieces.

Inventory:

Hand Weapons
 a - a +1 dagger (weapon)
Armour
 b - a +0 robe (worn)
 h - a cursed +0 pair of gloves (worn)
Scrolls
 c - 4 scrolls of identify {unknown}
 d - 3 scrolls of remove curse {unknown}
 i - a scroll of blinking {unknown}
 j - 2 scrolls of immolation {unknown}
Potions
 e - 2 potions of cancellation {unknown}
 f - a potion of lignification {unknown}
 g - 2 potions of curing {unknown}


   Skills:
 + Level 1.6 Short Blades
 + Level 2.5 Dodging
 + Level 4.8 Stealth
 + Level 2.2 Spellcasting
 + Level 4.7 Hexes


You had 2 spell levels left.
You knew the following spells:

 Your Spells              Type           Power        Failure   Level
a - Corona                Hex            20%          2%          1
b - Ensorcelled Hibernat  Hex/Ice        18%          11%         2

Your spell library contained the following spells:

 Spells                   Type           Power        Failure   Level
 Confusing Touch          Hex            18%          9%          3
 Tukima's Dance           Hex            18%          9%          3
 Dazzling Flash           Conj/Hex       18%          22%         3


Dungeon Overview and Level Annotations

Branches:
Dungeon (2/15)

Altars:


Innate Abilities, Weirdness & Mutations

You do not regenerate when monsters are visible.
You are frail without blood (-20% HP).
You can heal yourself when you bite living creatures.
You are immune to poison.
You have razor-sharp teeth.
You have supernaturally acute eyesight. (SInv)
You can survive without breathing.


Message History

There are monsters nearby!
You take 11 damage, and have 4/15 hp.
MASSIVE DAMAGE!!
You are too injured to fight recklessly!
There are monsters nearby!
You are too injured to fight recklessly!
There are monsters nearby!
You hit the orc but do no damage. The orc hits you.
* * * LOW HITPOINT WARNING * * *
You take 1 damage, and have 3/15 hp.
Okay, then.
You are too injured to fight recklessly!
You are too injured to fight recklessly!
Casting: Ensorcelled Hibernation (safe; 11% risk of failure)
Confirm with . or Enter, or press ? or * to list all spells.
Aiming: Ensorcelled Hibernation (safe; 11% risk of failure)
Press: ? - help, Shift-Dir - straight line, f - orc
Aim: an orc, wearing a +0 leather armour (chance to affect: 58%)
The orc resists with significant effort.
The orc hits you.
You die...

### ###
#.#####.########
#.o@..........<#
#o#####.#.######
#.#.....#.#
#o#.#####.#
#.#.# #.#
#o#.#####.#
#.#.......#
#o######### .o.


You could see an orc priest and an orc.

Vanquished Creatures
  A dart slug (D:1)
  3 goblins (D:1)
  A bat (D:1)
  3 frilled lizards (D:1)
  6 kobolds
  8 rats (D:1)
22 creatures vanquished.

Notes
Turn   | Place    | Note
-------+----------+-------------------------------------------
     0 | D:1      | kaeus the Vampire Enchanter began the quest for the Orb.
     0 | D:1      | Reached XP level 1. HP: 13/13 MP: 3/3
   205 | D:1      | Reached XP level 2. HP: 13/15 MP: 5/5
   212 | D:1      | Learned a level 2 spell: Ensorcelled Hibernation
   940 | D:2      | Slain by an orc

Illustrated notes

Levels and vault maps discovered:
D:1:      lemuel_arrival_tunnels, layout_basic
D:2:      layout_basic, gammafunk_temple_overflow_statue,
          nemelex_spade_bored_becter, uniq_crazy_yiuf_cottage

Action                   || total
-------------------------++-------
Melee: Dagger            ||    44
       Bite              ||     1
 Cast: Ensorcelled Hiber ||     3
 Abil: Exsanguinate      ||     1
 Stab: Sleeping          ||    14
Armor: Robe              ||     6
Dodge: Dodged            ||    18
